 Dungeon Crawl Stone Soup version 0.29.0-4-gdea44cf6ec (webtiles) character file.

Game seed: 16069097708781228462

875 qw the Grappler (level 8, -5/66 HPs)
             Began as a Ghoul Fire Elementalist on Aug 30, 2022.
             Slain by an ogre
             ... wielding a +0 giant spiked club
              (14 damage)
             ... on level 4 of the Dungeon.
             The game lasted 00:05:20 (6263 turns).

qw the Grappler (Ghoul Fire Elementalist)           Turns: 6263, Time: 00:05:20

Health: -5/66      AC: 12    Str: 14    XL:     8   Next: 4%
Magic:  0/9        EV:  4    Int: 10    God:
Gold:   239        SH:  0    Dex:  9    Spells: 9/10 levels left

rFire   . . .      SeeInvis .     - Unarmed
rCold   + . .      Faith    .   (no shield)
rNeg    + + +      Spirit   +   e - +0 plate armour
rPois   inf        Reflect  .   d - +0 helmet
rElec   .          Harm     .   (no cloak)
rCorr   .          Rampage  .   (no gloves)
Will    .....                   (no boots)
Stlth   ..........              k - amulet of guardian spirit
HPRegen 0.00/turn               (no ring)
MPRegen 0.11/turn               (no ring)

@: about to teleport, attractive, inhibited regen
A: claws 1, cold resistance 1, negative energy resistance 3, inhibited
regeneration, torment resistance 2, devour on kill
a: no special abilities


You were on level 4 of the Dungeon.
You visited 1 branch of the dungeon, and saw 5 of its levels.

You collected 239 gold pieces.


Innate Abilities, Weirdness & Mutations

You are immune to poison.
You have sharp fingernails.
Your flesh is cold resistant. (rC+)
You are immune to negative energy. (rN+++)
You do not regenerate when monsters are visible.
You are immune to unholy pain and torment.
You thrive by killing the living.


   Skills:
 - Level 4.1 Fighting
 - Level 2.0 Armour
 - Level 1.7 Dodging
 - Level 2.1 Stealth
 + Level 8.0 Unarmed Combat
 - Level 1.7 Spellcasting
 - Level 0.7 Conjurations
 - Level 2.4 Fire Magic


You had 9 spell levels left.
You knew the following spells:

 Your Spells              Type           Power      Damage    Failure   Level
a - Foxfire               Conj/Fire      16%        2x1d4     100%        1

Your spell library contained the following spells:

 Spells                   Type           Power      Damage    Failure   Level
 Scorch                   Fire           10%        2d6       100%        2
 Conjure Flame            Conj/Fire      4%         6-21      100%        3
 Inner Flame              Hex/Fire       3%         N/A       100%        3
 Flame Wave               Conj/Fire      4%         2d5       100%        4

Inventory:

Armour
 d - a +0 helmet (worn)
 e - a +0 plate armour (worn)
Jewellery
 k - an amulet of guardian spirit (around neck)
Scrolls
 a - a scroll of identify
 h - 3 scrolls of teleportation
Potions
 b - a potion of cancellation
 f - 3 potions of curing
 l - a potion of haste

Dungeon Overview and Level Annotations

Branches:
Dungeon (5/15)
 Temple: D:4-7

Altars:
Makhleb


Message History

The orc throws a stone.
The stone hits you but does no damage.
The orc is attracted toward you. x2; The necrophage is attracted toward you.
There is a stone staircase leading up here.
6254 ||| STAIRDANCE The orc hits you with a +0 flail.
The ogre hits you with a +0 giant spiked club!
The orc drinks a potion.
The orc goes berserk!
The orc is attracted toward you.
You climb upwards.
There is a stone staircase leading down here.
Things that are here:
2 potions of attraction; a potion of ambrosia
6256 ||| Stepping ~*~*~tactically~*~*~ (outnumbered).
The orc attacks as you move away! The orc hits you but does no damage.
The orc attacks as you move away! The orc hits you but does no damage.
The orc hits you but does no damage.
6257 ||| Stepping ~*~*~tactically~*~*~ (outnumbered).
The ogre attacks as you move away!
The ogre hits you with a +0 giant spiked club.
The orc attacks as you move away! The orc hits you but does no damage.
The ogre is attracted toward you.
6258 ||| Stepping ~*~*~tactically~*~*~ (outnumbered).
The orc hits you with a +0 dagger.
6259 ||| Stepping ~*~*~tactically~*~*~ (outnumbered).
6260 ||| Stepping ~*~*~tactically~*~*~ (outnumbered).
The ogre attacks as you move away!
The ogre hits you with a +0 giant spiked club.
6261 ||| Stepping ~*~*~tactically~*~*~ (outnumbered).
The ogre attacks as you move away!
The ogre hits you with a +0 giant spiked club!
The orc is attracted toward you. The ogre is attracted toward you.
The orc is attracted toward you.
Enter note: You barely miss the ogre.
The ogre hits you with a +0 giant spiked club!
6263 ||| READING 4 scrolls of teleportation.
As you read the scroll of teleportation, it crumbles to dust.
You feel strangely unstable. The orc barely misses you.
The orc hits you but does no damage.
The ogre hits you with a +0 giant spiked club!
You die...

...###...#######.#.#
###......#..
.......#####.......#
##......#.
...#.....#..<.)#####
#....#...
................##
#....####
##...........>...#
#....#
#..............:#
#....#
#...............#
#....#
#.............o.#
######
#........>....o@#
#............¤O:#
##..........¤¤.##
##.....#.....##
#############


You could see an ogre and 2 orcs.

Vanquished Creatures
  A black bear (D:4)
  An ogre (D:4)
  A necrophage (D:4)
  2 scorpions (D:5)
  A howler monkey (D:5)
  2 hounds
  2 orc priests
  4 iguanas
  An orc wizard (D:5)
  Robin (D:3)
  7 adders
  4 gnolls (D:4)
  2 worms
  2 dart slugs
  14 orcs
  7 endoplasms
  4 giant cockroaches
  12 goblins
  14 hobgoblins
  2 quokkas (D:2)
  11 ball pythons
  4 bats
  3 frilled lizards
  4 kobolds
  6 rats
112 creatures vanquished.

Notes
Turn   | Place    | Note
-------+----------+-------------------------------------------
     0 | D:1      | qw the Ghoul Fire Elementalist began the quest for the Orb.
     0 | D:1      | Reached XP level 1. HP: 14/14 MP: 2/2
     0 | D:1      | 0 ||| qw: Version: 0.1-a-90-g952f4b7
     0 | D:1      | 0 ||| qw: Game counter: 4300
     0 | D:1      | 0 ||| qw: Always use a shield: true
     0 | D:1      | 0 ||| qw: God list: Okawaru
     0 | D:1      | 0 ||| qw: Allow faded altars: false
     0 | D:1      | 0 ||| qw: Do Orc after D:15 true
     0 | D:1      | 0 ||| qw: Do second Lair branch before Depths: true
     0 | D:1      | 0 ||| qw: Lair rune preference: random
     0 | D:1      | 0 ||| qw: Plans: Normal
     0 | D:1      | 0 ||| PLANNING D:1-11
    44 | D:1      | 44 ||| Stepping ~*~*~tactically~*~*~ (hiding).
   146 | D:1      | 146 ||| Stepping ~*~*~tactically~*~*~ (hiding).
   248 | D:1      | 248 ||| Stepping ~*~*~tactically~*~*~ (hiding).
   261 | D:1      | Reached skill level 1 in Unarmed Combat
   544 | D:1      | 544 ||| Stepping ~*~*~tactically~*~*~ (stealth).
   547 | D:1      | 547 ||| Stepping ~*~*~tactically~*~*~ (stealth).
   548 | D:1      | 548 ||| Stepping ~*~*~tactically~*~*~ (stealth).
   668 | D:1      | Reached skill level 1 in Fighting
   668 | D:1      | Reached XP level 2. HP: 16/23 MP: 3/3
   682 | D:1      | 682 ||| Stepping ~*~*~tactically~*~*~ (stealth).
   683 | D:1      | 683 ||| Stepping ~*~*~tactically~*~*~ (stealth).
   722 | D:1      | 722 ||| Stepping ~*~*~tactically~*~*~ (stealth).
   723 | D:1      | 723 ||| Stepping ~*~*~tactically~*~*~ (stealth).
   728 | D:1      | 728 ||| Stepping ~*~*~tactically~*~*~ (stealth).
   729 | D:1      | 729 ||| Stepping ~*~*~tactically~*~*~ (stealth).
   740 | D:1      | 740 ||| Stepping ~*~*~tactically~*~*~ (stealth).
   741 | D:1      | 741 ||| Stepping ~*~*~tactically~*~*~ (stealth).
   742 | D:1      | 742 ||| Stepping ~*~*~tactically~*~*~ (stealth).
   770 | D:1      | 770 ||| Stepping ~*~*~tactically~*~*~ (stealth).
   772 | D:1      | 772 ||| Stepping ~*~*~tactically~*~*~ (stealth).
   773 | D:1      | 773 ||| Stepping ~*~*~tactically~*~*~ (stealth).
   774 | D:1      | 774 ||| Stepping ~*~*~tactically~*~*~ (stealth).
   777 | D:1      | 777 ||| Stepping ~*~*~tactically~*~*~ (stealth).
   778 | D:1      | 778 ||| Stepping ~*~*~tactically~*~*~ (stealth).
   779 | D:1      | 779 ||| Stepping ~*~*~tactically~*~*~ (stealth).
   781 | D:1      | 781 ||| Stepping ~*~*~tactically~*~*~ (stealth).
   783 | D:1      | 783 ||| Stepping ~*~*~tactically~*~*~ (stealth).
  1381 | D:1      | Found a faded altar of an unknown god.
  1560 | D:1      | 1560 ||| Stepping ~*~*~tactically~*~*~ (outnumbered).
  1564 | D:1      | Reached skill level 2 in Unarmed Combat
  1771 | D:1      | 1771 ||| UPGRADING to +0 leather armour.
  1781 | D:1      | 1781 ||| DROPPING +0 robe.
  1782 | D:1      | 1782 ||| DROPPING amulet of faith.
  1783 | D:1      | 1783 ||| READING scroll labelled KORRYMU FO ITIFIU.
  1784 | D:1      | 1784 ||| READING scroll labelled DATHRY YKUSATENN.
  1785 | D:1      | 1785 ||| READING scroll labelled NIMANU XAQYNK.
  1786 | D:1      | 1786 ||| READING scroll labelled HOFRYV DATIATOFU.
  1787 | D:1      | 1787 ||| READING 2 scrolls labelled DIODEO DUNLETO.
  1790 | D:1      | 1790 ||| READING scroll labelled QAXUFO BIZI.
  1791 | D:1      | 1791 ||| DROPPING potion of magic.
  1934 | D:2      | Reached XP level 3. HP: 26/28 MP: 4/4
  1942 | D:2      | 1942 ||| FLEEEEING.
  1943 | D:2      | 1943 ||| FLEEEEING.
  1944 | D:2      | 1944 ||| FLEEEEING.
  1945 | D:2      | 1945 ||| FLEEEEING.
  1946 | D:2      | 1946 ||| FLEEEEING.
  1947 | D:2      | 1947 ||| FLEEEEING.
  1948 | D:2      | 1948 ||| FLEEEEING.
  1949 | D:2      | 1949 ||| FLEEEEING.
  1955 | D:2      | 1955 ||| FLEEEEING.
  1978 | D:2      | 1978 ||| FLEEEEING.
  1979 | D:2      | 1979 ||| FLEEEEING.
  1980 | D:2      | 1980 ||| FLEEEEING.
  1981 | D:2      | 1981 ||| FLEEEEING.
  1982 | D:2      | 1982 ||| FLEEEEING.
  1983 | D:2      | 1983 ||| FLEEEEING.
  2114 | D:2      | 2114 ||| Stepping ~*~*~tactically~*~*~ (hiding).
  2119 | D:2      | 2119 ||| FLEEEEING.
  2123 | D:2      | 2123 ||| FLEEEEING.
  2124 | D:2      | 2124 ||| FLEEEEING.
  2125 | D:2      | 2125 ||| FLEEEEING.
  2126 | D:2      | 2126 ||| FLEEEEING.
  2127 | D:2      | 2127 ||| FLEEEEING.
  2128 | D:2      | 2128 ||| FLEEEEING.
  2129 | D:2      | 2129 ||| FLEEEEING.
  2130 | D:2      | 2130 ||| FLEEEEING.
  2131 | D:2      | 2131 ||| FLEEEEING.
  2132 | D:2      | 2132 ||| FLEEEEING.
  2133 | D:2      | 2133 ||| FLEEEEING.
  2134 | D:2      | 2134 ||| FLEEEEING.
  2135 | D:2      | 2135 ||| FLEEEEING.
  2136 | D:2      | 2136 ||| FLEEEEING.
  2142 | D:2      | 2142 ||| FLEEEEING.
  2143 | D:2      | 2143 ||| FLEEEEING.
  2144 | D:2      | 2144 ||| FLEEEEING.
  2145 | D:2      | 2145 ||| FLEEEEING.
  2146 | D:2      | 2146 ||| FLEEEEING.
  2147 | D:2      | 2147 ||| FLEEEEING.
  2148 | D:2      | 2148 ||| STAIRDANCE
  2188 | D:2      | 2188 ||| STAIRDANCE
  2313 | D:2      | Reached skill level 3 in Unarmed Combat
  2313 | D:2      | Reached XP level 4. HP: 33/35 MP: 5/5
  2337 | D:2      | 2337 ||| Stepping ~*~*~tactically~*~*~ (stealth).
  2587 | D:2      | 2587 ||| FLEEEEING.
  2611 | D:2      | 2611 ||| Stepping ~*~*~tactically~*~*~ (stealth).
  2618 | D:2      | 2618 ||| Stepping ~*~*~tactically~*~*~ (stealth).
  2631 | D:2      | 2631 ||| Stepping ~*~*~tactically~*~*~ (stealth).
  2656 | D:2      | 2656 ||| Stepping ~*~*~tactically~*~*~ (stealth).
  2658 | D:2      | 2658 ||| Stepping ~*~*~tactically~*~*~ (stealth).
  2659 | D:2      | 2659 ||| Stepping ~*~*~tactically~*~*~ (stealth).
  2797 | D:2      | 2797 ||| Stepping ~*~*~tactically~*~*~ (stealth).
  2856 | D:2      | Reached skill level 4 in Unarmed Combat
  2999 | D:2      | 2999 ||| UPGRADING to +0 scale mail.
  3009 | D:2      | 3009 ||| DROPPING +0 leather armour.
  3010 | D:2      | 3010 ||| READING scroll labelled YPROH FU NEKK.
  3011 | D:2      | 3011 ||| READING scroll labelled QUOFY PAOL.
  3012 | D:2      | 3012 ||| DRINKING 2 brown potions.
  3033 | D:3      | 3033 ||| Stepping ~*~*~tactically~*~*~ (outnumbered).
  3034 | D:3      | 3034 ||| STAIRDANCE
  3059 | D:3      | 3059 ||| STAIRDANCE
  3228 | D:3      | 3228 ||| STAIRDANCE
  3247 | D:3      | 3247 ||| STAIRDANCE
  3332 | D:3      | Reached XP level 5. HP: 41/41 MP: 6/6
  3462 | D:3      | 3462 ||| Stepping ~*~*~tactically~*~*~ (stealth).
  3463 | D:3      | 3463 ||| Stepping ~*~*~tactically~*~*~ (stealth).
  3487 | D:3      | 3487 ||| Stepping ~*~*~tactically~*~*~ (stealth).
  3494 | D:3      | 3494 ||| Stepping ~*~*~tactically~*~*~ (outnumbered).
  3495 | D:3      | 3495 ||| Stepping ~*~*~tactically~*~*~ (outnumbered).
  3496 | D:3      | Noticed Robin
  3503 | D:3      | 3503 ||| Stepping ~*~*~tactically~*~*~ (outnumbered).
  3509 | D:3      | 3509 ||| Stepping ~*~*~tactically~*~*~ (outnumbered).
  3510 | D:3      | 3510 ||| Stepping ~*~*~tactically~*~*~ (outnumbered).
  3519 | D:3      | Killed Robin
  3524 | D:3      | 3524 ||| Stepping ~*~*~tactically~*~*~ (outnumbered).
  3709 | D:3      | Reached skill level 5 in Unarmed Combat
  3866 | D:3      | Found a burning altar of Makhleb.
  3977 | D:3      | Identified the +2 hand axe of Compulsion {venom, rElec
                  | Int-4 Dex+10}
  4172 | D:3      | 4172 ||| UPGRADING to +0 helmet.
  4177 | D:3      | 4177 ||| UPGRADING to +0 plate armour.
  4187 | D:3      | 4187 ||| DROPPING +0 scale mail.
  4188 | D:3      | 4188 ||| UPGRADING to amulet of guardian spirit.
  4193 | D:3      | 4193 ||| READING scroll labelled XEUSIW ACLU.
  4194 | D:3      | 4194 ||| READING scroll labelled JATEMI NEBLIE.
  4195 | D:3      | 4195 ||| READING scroll labelled AREUGH VODGHU.
  4296 | D:3      | 4296 ||| DRINKING 2 fuming green potions.
  4315 | D:4      | Reached XP level 6. HP: 17/48 MP: 1/7
  4315 | D:4      | 4315 ||| Stepping ~*~*~tactically~*~*~ (outnumbered).
  4316 | D:4      | 4316 ||| Stepping ~*~*~tactically~*~*~ (outnumbered).
  4316 | D:4      | HP: 12/48 [gnoll/+0 club (5)]
  4317 | D:4      | 4317 ||| READING scroll of teleportation.
  4318 | D:4      | 4318 ||| DRINKING potion of heal wounds.
  4319 | D:4      | 4319 ||| Stepping ~*~*~tactically~*~*~ (outnumbered).
  4320 | D:4      | 4320 ||| Stepping ~*~*~tactically~*~*~ (outnumbered).
  4325 | D:4      | Reached skill level 1 in Armour
  4439 | D:4      | Reached skill level 6 in Unarmed Combat
  4529 | D:4      | 4529 ||| Stepping ~*~*~tactically~*~*~ (stealth).
  4531 | D:4      | 4531 ||| Stepping ~*~*~tactically~*~*~ (stealth).
  4676 | D:4      | Noticed a black bear
  4687 | D:4      | Killed a black bear
  4688 | D:4      | Reached skill level 3 in Fighting
  4780 | D:4      | 4780 ||| Stepping ~*~*~tactically~*~*~ (stealth).
  4781 | D:4      | 4781 ||| Stepping ~*~*~tactically~*~*~ (stealth).
  4801 | D:4      | Reached XP level 7. HP: 35/57 MP: 4/8
  4801 | D:4      | 4801 ||| Stepping ~*~*~tactically~*~*~ (outnumbered).
  4816 | D:4      | HP: 13/57 [gnoll/+0 club (2)]
  5140 | D:4      | 5140 ||| Stepping ~*~*~tactically~*~*~ (stealth).
  5141 | D:4      | 5141 ||| Stepping ~*~*~tactically~*~*~ (stealth).
  5408 | D:4      | Reached skill level 7 in Unarmed Combat
  5451 | D:4      | 5451 ||| Stepping ~*~*~tactically~*~*~ (stealth).
  5453 | D:4      | 5453 ||| Stepping ~*~*~tactically~*~*~ (stealth).
  5674 | D:4      | 5674 ||| DRINKING 3 viscous yellow potions.
  5675 | D:4      | 5675 ||| READING 2 scrolls of identify.
  5675 | D:4      | 5675 ||| IDENTIFYING metallic cyan potion
  5702 | D:5      | Entered Level 5 of the Dungeon
  5792 | D:5      | 5792 ||| Stepping ~*~*~tactically~*~*~ (outnumbered).
  5793 | D:5      | 5793 ||| Stepping ~*~*~tactically~*~*~ (hiding).
  5796 | D:5      | 5796 ||| Stepping ~*~*~tactically~*~*~ (outnumbered).
  5801 | D:5      | 5801 ||| Stepping ~*~*~tactically~*~*~ (outnumbered).
  5824 | D:5      | Reached skill level 8 in Unarmed Combat
  5996 | D:5      | 5996 ||| Stepping ~*~*~tactically~*~*~ (stealth).
  6003 | D:5      | Reached XP level 8. HP: 66/66 MP: 9/9
  6085 | D:5      | 6085 ||| Stepping ~*~*~tactically~*~*~ (outnumbered).
  6086 | D:5      | 6086 ||| FLEEEEING.
  6087 | D:5      | 6087 ||| FLEEEEING.
  6088 | D:5      | 6088 ||| FLEEEEING.
  6089 | D:5      | 6089 ||| FLEEEEING.
  6090 | D:5      | 6090 ||| FLEEEEING.
  6091 | D:5      | 6091 ||| FLEEEEING.
  6092 | D:5      | 6092 ||| FLEEEEING.
  6093 | D:5      | 6093 ||| FLEEEEING.
  6094 | D:5      | 6094 ||| FLEEEEING.
  6095 | D:5      | 6095 ||| FLEEEEING.
  6096 | D:5      | 6096 ||| FLEEEEING.
  6097 | D:5      | 6097 ||| FLEEEEING.
  6098 | D:5      | 6098 ||| FLEEEEING.
  6099 | D:5      | 6099 ||| FLEEEEING.
  6100 | D:5      | 6100 ||| FLEEEEING.
  6101 | D:5      | 6101 ||| FLEEEEING.
  6102 | D:5      | 6102 ||| FLEEEEING.
  6103 | D:5      | 6103 ||| FLEEEEING.
  6104 | D:5      | 6104 ||| FLEEEEING.
  6105 | D:5      | 6105 ||| FLEEEEING.
  6106 | D:5      | 6106 ||| FLEEEEING.
  6107 | D:5      | 6107 ||| FLEEEEING.
  6108 | D:5      | 6108 ||| FLEEEEING.
  6109 | D:5      | 6109 ||| STAIRDANCE
  6248 | D:4      | 6248 ||| DRINKING 3 red potions.
  6249 | D:4      | 6249 ||| READING 2 scrolls of identify.
  6249 | D:4      | 6249 ||| IDENTIFYING sedimented emerald potion
  6250 | D:4      | 6250 ||| DROPPING potion of ambrosia.
  6251 | D:4      | 6251 ||| DROPPING 2 potions of attraction.
  6254 | D:5      | 6254 ||| STAIRDANCE
  6256 | D:4      | 6256 ||| Stepping ~*~*~tactically~*~*~ (outnumbered).
  6257 | D:4      | 6257 ||| Stepping ~*~*~tactically~*~*~ (outnumbered).
  6258 | D:4      | 6258 ||| Stepping ~*~*~tactically~*~*~ (outnumbered).
  6259 | D:4      | 6259 ||| Stepping ~*~*~tactically~*~*~ (outnumbered).
  6260 | D:4      | 6260 ||| Stepping ~*~*~tactically~*~*~ (outnumbered).
  6261 | D:4      | 6261 ||| Stepping ~*~*~tactically~*~*~ (outnumbered).
  6262 | D:4      | HP: 9/66 [ogre/+0 giant spiked club (15)]
  6263 | D:4      | 6263 ||| READING 4 scrolls of teleportation.
  6263 | D:4      | Slain by an ogre

Levels and vault maps discovered:
D:1:      evilmike_arrival_hilbert_curve, layout_basic,
          dreamdust_ecumenical_altar_grove, minmay_misc_feat_roman
D:2:      layout_basic, hangedman_decor_clover_reticule
D:3:      layout_loops_ring, mainiacjoe_overflow_alcove_2, uniq_robin
D:4:      layout_rooms, minmay_cut_off
D:5:      layout_cave_pools, amethyst_killhole

Skill      XL: |  1  2  3  4  5  6  7 |
---------------+----------------------+-----
Unarmed Combat | 1 2 3 4 5 6 8 |  8.0
Fighting       | 1 2 3 4 |  4.1
Armour         | 1 2 |  2.0
Dodging        | |  1.7
Stealth        | |  2.1
Spellcasting   | |  1.7
Conjurations   | |  0.7
Fire Magic     | |  2.4

Action                   |  1- 3 |  4- 6 |  7- 9 || total
-------------------------+-------+-------+-------++-------
Melee: Unarmed           |   117 |   212 |   142 ||   471
       Punch             |     3 |     9 |     4 ||    16
  Use: Scroll            |     6 |     6 |     3 ||    15
       Potion            |       |     3 |     2 ||     5
Armor: Robe              |     6 |       |       ||     6
       Leather armour    |     4 |     7 |       ||    11
       Scale mail        |       |    40 |       ||    40
       Plate armour      |       |    48 |    75 ||   123
Dodge: Dodged            |    51 |    79 |    18 ||   148

Table legend:
 A = Non-vault XP
 B = Vault XP
 C = Vault XP percentage of total XP
 D = Non-vault monster count
 E = Vault monster count
 F = Vault count percentage of total count
                 A         B        C        D         E       F
            +---------+---------+-------+---------+---------+-------
      Total |    1209 |      41 |   3.3 |      99 |      13 |  11.6
            +---------+---------+-------+---------+---------+-------
        D:1 |      32 |       0 |   0.0 |      19 |       0 |   0.0
        D:2 |     107 |       0 |   0.0 |      27 |       0 |   0.0
        D:3 |     138 |      36 |  20.7 |      20 |      11 |  35.5
        D:4 |     594 |       5 |   0.8 |      21 |       2 |   8.7
        D:5 |     338 |       0 |   0.0 |      12 |       0 |   0.0
            +---------+---------+-------+---------+---------+-------
